 Dungeon Crawl Stone Soup version 0.21.0 (webtiles) character file.

51753 Gaball the Brawler (level 14, -3/133 HPs)
             Began as a Ghoul Monk on Jan 6, 2018.
             Was an Elder of Makhleb.
             Killed by divine providence
             ... invoked by an orc priest
             ... led by an orc knight
              (14 damage)
             ... on level 1 of the Orcish Mines on Jan 7, 2018.
             The game lasted 00:55:39 (20311 turns).

Gaball the Brawler (Ghoul Monk)                    Turns: 20311, Time: 00:55:40

Health: -3/133     AC: 20    Str: 20    XL:     14   Next: 61%
Magic:  19/19      EV:  9    Int:  1    God:    Makhleb [****..]
Gold:   1184       SH:  3    Dex: 11    Spells: 4/13 levels left

rFire    + . .     SeeInvis +     - Unarmed
rCold    + + .     Gourm    .   D - +0 buckler
rNeg     + + +     Faith    .   V - +2 plate armour of Gallantry {rPois Int-4 SInv}
rPois    ∞         Spirit   .   G - +0 hat {MR+}
rElec    .         Reflect  .   P - scarf {rC+ rF+}
rCorr    .         Harm     .   (no gloves)
MR       ++...                  c - +0 pair of boots
Stlth    ..........             (no amulet)
HPRegen  0.00/turn              x - +3 ring of protection
MPRegen  0.16/turn              l - +1 ring of evasion

@: rotting
A: rotting body, claws 1, carnivore, cold resistance 1, negative energy
resistance 3, inhibited regeneration, torment resistance, unbreathing
a: Minor Destruction, Lesser Servant of Makhleb, Major Destruction, Renounce
Religion


You were on level 1 of the Orcish Mines.
You worshipped Makhleb.
Makhleb was greatly pleased with you.
You were not hungry.

You visited 3 branches of the dungeon, and saw 21 of its levels.
You also visited: Volcano.

You collected 1184 gold pieces.

Inventory:

Armour
 c - a +0 pair of boots (worn)
 D - a +0 buckler (worn)
 G - a +0 hat of magic resistance (worn)
 P - a scarf of resistance (worn)
 V - the +2 plate armour of Gallantry (worn) {rPois Int-4 SInv}
   (You found it on level 2 of the Lair of Beasts)

   It affects your intelligence (-4).
   It protects you from poison.
   It lets you see invisible.
Jewellery
 l - a +1 ring of evasion (right claw)
 o - an uncursed ring of magical power
 r - an uncursed ring of stealth
 v - an uncursed amulet of regeneration {unknown}
 x - a +3 ring of protection (left claw)
 y - an uncursed ring of flight
 X - an uncursed ring of poison resistance
Wands
 i - a wand of clouds (5)
 u - a wand of paralysis (19)
 w - a wand of random effects (20)
 A - a wand of flame (35)
Scrolls
 a - a scroll of summoning {unknown}
 d - a scroll of magic mapping {unknown}
 f - 7 scrolls of remove curse
 h - 2 scrolls of blinking {unknown}
 j - 8 scrolls of amnesia
 m - 3 scrolls of enchant armour {unknown}
 n - 4 scrolls of teleportation
 s - 3 scrolls of enchant weapon {unknown}
 B - 3 scrolls of fear {unknown}
 I - 3 scrolls of random uselessness {unknown}
 J - 3 scrolls of brand weapon {unknown}
 K - a scroll of silence {unknown}
 M - a scroll of noise {unknown}
 Y - 6 scrolls of identify
Potions
 e - 2 potions of might
 g - a potion of ambrosia {unknown}
 k - a potion of cancellation {unknown}
 p - a potion of heal wounds
 q - 2 potions of degeneration {unknown}
 t - 2 potions of lignification {unknown}
 z - 10 potions of curing
 C - 3 potions of haste {unknown}
 E - a potion of magic {unknown}
 F - 2 potions of invisibility {unknown}
 H - 3 potions of brilliance {unknown}
 T - a potion of agility
 Z - a potion of berserk rage {unknown}
Books
 N - a book of the Warp

   Spells                             Type                      Level
   a - Gell's Gravitas                Translocation                3
   b - Portal Projectile              Hexes/Translocation          3
   c - Force Lance                    Conjuration/Translocation    4
   d - Dispersal                      Translocation                6
   e - Controlled Blink               Translocation                8
   f - Disjunction                    Translocation                8
 O - a book of Enchantments

   Spells                             Type                      Level
   a - Cause Fear                     Hexes                        4
   b - Yara's Violent Unravelling     Hexes/Transmutation          5
   c - Silence                        Hexes/Air                    5
   d - Deflect Missiles               Charms/Air                   6
   e - Discord                        Hexes                        8
Comestibles
 b - 38 rations


   Skills:
 + Level 14.9 Fighting
 + Level 8.7 Armour
 - Level 7.4 Dodging
 - Level 2.1 Stealth
 + Level 16.6 Unarmed Combat
 - Level 8.0 Invocations


You had 4 spell levels left.
You knew the following spells:

 Your Spells              Type           Power        Failure   Level  Hunger
a - Lee's Rapid Deconstr  Erth           #.........   100%        5    ######.
b - Apportation           Tloc           #.....       100%        1    ##.....
c - Regeneration          Chrm/Necr      #.........   100%        3    ####...


Dungeon Overview and Level Annotations

Branches:
Dungeon (13/15)            Temple (0/1) D:7            Lair (6/6) D:9
  Swamp (0/4) Lair:3       Spider (0/4) Lair:4        Slime (0/5) Lair:6
    Orc (2/2) D:11            Elf (0/3) Orc:2
 Vaults: D:13-14

Altars:
Dithmenos
Elyvilon
Gozag
Makhleb
Okawaru
Sif Muna
Trog
Vehumet
Jiyva

Shops:
D:9 (   Orc:2 (

Annotations:
D:9 1 exclusion
Lair:2 exclusion: oklob plant


Innate Abilities, Weirdness & Mutations

Your body is rotting away.
You thrive on raw meat.
You are immune to poison.
You have sharp fingernails.
You are carnivorous and can eat meat at any time.
Your flesh is cold resistant. (rC+)
You are immune to negative energy. (rN+++)
You do not regenerate when monsters are visible.
You are immune to unholy pain and torment.
You can survive without breathing.


Message History

The orc knight roars a battlecry!
The orcs go into a battle-frenzy!
The orc shouts!
The orc knight shouts!
The orc knight roars a battlecry!
The orc warrior shouts!
The orc knight roars a battlecry!
The orc warrior hits you with a mace!
* * * LOW HITPOINT WARNING * * *
The orc knight roars a battlecry!
The orc knight goes into a battle-frenzy!
The orc warrior completely misses you.
The orc knight roars a battlecry!
The orc knight goes into a battle-frenzy!
You hear a shout!
The orc no longer looks unusually strong.
The orc warrior closely misses you. The orc warrior barely misses you.
The orc warrior no longer looks unusually strong.
The orc priest invokes the aid of Beogh against you.
Beogh smites you!
You die...

#......#.##.####$..o#.
............##o......
#.#....##.####o#....
##..........#.......
##.........o..o......
#.....^..o...#.......
##...ooo.o#.###......
#....o..$...##...$..
###.@................
##.#$....#...........[
#...............$...>.
##.#...#............$.
####$.........#.....#
##.....##........#
##.....##.........
#..............#.#
#...#....$......###


You could see 2 orc knights, 2 orc warriors, an orc priest and 2 orcs.

Vanquished Creatures
  6 hydras
  2 two-headed ogres (Orc:1)
  A tengu warrior (D:9)
  2 death yaks (D:9)
  2 unseen horrors
  A swamp dragon (Lair:3)
  An orc knight (Orc:1)
  An orc sorcerer (Orc:2)
  An ugly thing (D:12)
  A manticore (D:11)
  An orb spider (Lair:4)
  4 black mambas
  4 elephants (Lair:6)
  11 spiny frogs
  A gargoyle (D:11)
  7 komodo dragons
  A rime drake (Lair:2)
  3 trolls
  A polar bear (Lair:6)
  16 blink frogs
  7 hippogriffs
  7 dream sheep (Lair:6)
  43 yaks
  A water elemental (D:11)
  2 basilisks
  A hungry ghost (D:12)
  A warg (Orc:2)
  3 vampire mosquitoes
  11 water moccasins
  An acid dragon (D:12)
  2 porcupines
  2 ice beasts
  2 sky beasts
  A black bear (D:7)
  11 orc warriors
  A phantom (D:4)
  7 ogres
  A necrophage (D:7)
  4 wolves (Lair:6)
  13 centaurs
  9 crocodiles
  2 big kobolds
  Blork the orc (D:4)
  12 bullfrogs
  A wyvern zombie (D:7)
  2 wyvern skeletons
  5 scorpions
  14 killer bees
  4 electric eels
  2 howler monkeys (D:7)
  11 wights (D:11)
  A bullfrog zombie (D:11)
  4 crimson imps
  6 hounds
  3 jellies
  5 centaur zombies
  2 centaur skeletons
  Crazy Yiuf (D:3)
  4 bullfrog skeletons
  10 orc priests
  3 iguanas
  A hell rat (D:9)
  29 orc wizards
  8 worker ants
  2 hound zombies (D:8)
  A howler monkey zombie (D:6)
  12 adders
  7 gnolls
  2 shadow imps (D:5)
  2 adder zombies
  A worm (D:6)
  2 dart slugs
  5 leopard geckos
  58 orcs
  8 bats
  4 giant cockroaches
  4 hobgoblins (D:1)
  8 jackals
  16 kobolds
  2 quokkas
  A frilled lizard (D:4)
  2 goblins (D:2)
  A jackal skeleton (D:5)
  9 rats
  A butterfly (Lair:6)
  A plant (Lair:6)
477 creatures vanquished.

Vanquished Creatures (collateral kills)
  Gastronok (D:10)
  A very ugly thing (D:9)
  4 hydras
  Fannar (D:10)
  2 two-headed ogres
  A death yak (D:9)
  2 orc knights (Orc:2)
  Joseph (D:10)
  A spiny frog (Lair:2)
  A polar bear (Lair:4)
  A troll (Orc:2)
  3 blink frogs
  4 hippogriffs
  5 yaks
  6 orc warriors
  A black bear (Lair:1)
  An ogre (Orc:1)
  A wolf (Lair:6)
  5 killer bees (D:8)
  3 orc priests
  4 orc wizards (Orc:2)
  9 orcs
  A jackal (D:8)
  2 kobolds (D:10)
61 creatures vanquished.

Vanquished Creatures (others)
  An orc (D:11)
  4 fungi
  12 plants (Lair:2)
17 creatures vanquished.

Grand Total: 555 creatures vanquished

Notes
Turn   | Place    | Note
-------+----------+-------------------------------------------
     0 | D:1      | Gaball the Ghoul Monk began the quest for the Orb.
     0 | D:1      | Reached XP level 1. HP: 19/19 MP: 0/0
   121 | D:1      | Reached XP level 2. HP: 14/26 MP: 1/1
   250 | D:1      | Reached skill level 4 in Unarmed Combat
   864 | D:2      | Reached XP level 3. HP: 31/31 MP: 2/2
  1291 | D:2      | Found a burning altar of Makhleb.
  1291 | D:2      | Noticed a blizzard demon
  1296 | D:2      | Noticed a neqoxec
  1296 | D:2      | Noticed a neqoxec
  1298 | D:2      | Became a worshipper of Makhleb the Destroyer
  1298 | D:2      | Reached * piety under Makhleb
  1298 | D:2      | Reached ** piety under Makhleb
  1388 | D:3      | Reached skill level 5 in Unarmed Combat
  1739 | D:3      | Found a deep blue altar of Sif Muna.
  1739 | D:3      | Found a radiant altar of Vehumet.
  1830 | D:3      | Reached XP level 4. HP: 33/34 MP: 3/3
  1853 | D:3      | Reached skill level 6 in Unarmed Combat
  1853 | D:3      | Reached XP level 5. HP: 13/45 MP: 4/4
  2164 | D:3      | Found a runed door.
  2599 | D:3      | Noticed Crazy Yiuf
  2603 | D:3      | Killed Crazy Yiuf
  2695 | D:4      | Noticed an ogre
  2752 | D:4      | Noticed Blork the orc
  2824 | D:3      | Killed an ogre
  2824 | D:3      | Reached skill level 7 in Unarmed Combat
  2824 | D:3      | Reached XP level 6. HP: 39/51 MP: 5/5
  2853 | D:4      | Noticed a phantom
  2863 | D:4      | Killed a phantom
  2865 | D:4      | Reached skill level 8 in Unarmed Combat
  3131 | D:4      | Killed Blork the orc
  3131 | D:4      | Reached XP level 7. HP: 39/56 MP: 6/6
  3377 | D:4      | Reached skill level 9 in Unarmed Combat
  3657 | D:5      | Entered Level 5 of the Dungeon
  3657 | D:5      | Noticed a hippogriff
  3789 | D:5      | Found an opulent altar of Gozag.
  3955 | D:5      | Reached *** piety under Makhleb
  4113 | D:5      | Noticed a moth of wrath
  4116 | D:5      | Found a bloodstained altar of Trog.
  4157 | D:5      | Reached XP level 8. HP: 67/67 MP: 7/7
  4353 | D:5      | Killed a hippogriff
  4353 | D:5      | Reached skill level 5 in Fighting
  4353 | D:5      | Reached skill level 10 in Unarmed Combat
  5241 | D:7      | Reached skill level 11 in Unarmed Combat
  5241 | D:7      | Reached XP level 9. HP: 79/79 MP: 8/8
  5312 | D:7      | Reached **** piety under Makhleb
  5375 | D:7      | Reached skill level 1 in Invocations
  5422 | D:7      | Found a shadowy altar of Dithmenos.
  5467 | D:7      | Found a shadowy altar of Dithmenos.
  5533 | D:7      | Found a staircase to the Ecumenical Temple.
  6444 | D:8      | Reached skill level 12 in Unarmed Combat
  6504 | D:8      | Noticed a two-headed ogre
  6527 | D:8      | Killed a two-headed ogre
  6527 | D:8      | Reached XP level 10. HP: 81/89 MP: 12/12
  7381 | D:9      | Found a white marble altar of Elyvilon.
  7489 | D:9      | Noticed a death yak
  7578 | D:9      | Found Nilekios's Antique Weapon Boutique.
  7588 | D:9      | Noticed a death yak
  7769 | D:9      | Found an iron altar of Okawaru.
  7839 | D:9      | Noticed a death yak
  7848 | D:9      | Killed a death yak
  7848 | D:9      | Reached skill level 5 in Invocations
  7859 | D:9      | Found a staircase to the Lair.
  7920 | D:9      | Killed a death yak
  7940 | D:9      | Killed a death yak
  8083 | D:9      | Found a runed door.
  8091 | D:9      | Noticed a stone giant
  8248 | Lair:1   | Entered Level 1 of the Lair of Beasts
  8250 | Lair:1   | Noticed a spiny frog
  8290 | D:10     | Entered Level 10 of the Dungeon
  8328 | D:10     | Noticed Gastronok
  8496 | D:10     | Killed Gastronok
  8496 | D:10     | Reached skill level 10 in Fighting
  8496 | D:10     | Reached skill level 5 in Dodging
  8496 | D:10     | Reached skill level 13 in Unarmed Combat
  8496 | D:10     | Reached XP level 11. HP: 41/100 MP: 13/15
  8551 | D:10     | Noticed Joseph
  8561 | D:10     | Killed Joseph
  8573 | D:10     | Noticed Fannar
  8869 | D:9      | Noticed a tengu warrior
  8876 | D:9      | Killed a tengu warrior
  8879 | D:9      | Noticed a white very ugly thing
  8879 | D:9      | Noticed a four-headed hydra
  9325 | D:10     | Killed Fannar
  9339 | D:10     | Killed a four-headed hydra
  9824 | D:11     | Noticed a manticore
  9824 | D:11     | Noticed a two-headed ogre
  9865 | D:10     | Killed a two-headed ogre
  9988 | D:11     | Killed a manticore
 10861 | D:11     | Found a staircase to the Orcish Mines.
 10873 | D:11     | Got a bloodstained robe
 10886 | D:11     | Identified the +0 robe "Aziahutu" {rPois rF- Int+2} (You found it on level 11 of the Dungeon)
 10960 | D:11     | Reached XP level 12. HP: 98/110 MP: 17/17
 11191 | D:11     | Noticed a seven-headed hydra
 11203 | D:11     | Killed a seven-headed hydra
 11424 | D:11     | Reached skill level 14 in Unarmed Combat
 12169 | D:12     | Reached skill level 1 in Armour
 12319 | D:12     | Reached ***** piety under Makhleb
 13164 | Lair:1   | Reached XP level 13. HP: 71/119 MP: 18/18
 13641 | Lair:2   | Reached skill level 15 in Unarmed Combat
 13739 | Lair:2   | Learned a level 5 spell: Lee's Rapid Deconstruction
 13741 | Lair:2   | Learned a level 1 spell: Apportation
 13745 | Lair:2   | Learned a level 3 spell: Regeneration
 13809 | Lair:2   | Reached skill level 5 in Armour
 14611 | Lair:2   | Got a polished plate armour
 14622 | Lair:2   | Identified the +2 plate armour of Gallantry {rPois Int-4 SInv} (You found it on level 2 of the Lair of Beasts)
 15713 | Lair:3   | Found a staircase to the Swamp.
 16009 | Lair:4   | Found a hole to the Spider Nest.
 16917 | Lair:5   | Reached XP level 14. HP: 99/132 MP: 19/19
 17351 | Lair:6   | Entered Level 6 of the Lair of Beasts
 17357 | Lair:6   | Reached skill level 16 in Unarmed Combat
 17788 | Lair:6   | Found a viscous altar of Jiyva.
 17788 | Lair:6   | Found a staircase to the Slime Pits.
 18763 | D:9      | Killed a white very ugly thing
 19001 | Orc:1    | Entered Level 1 of the Orcish Mines
 19106 | Orc:2    | Entered Level 2 of the Orcish Mines
 19200 | Orc:2    | Found a dark tunnel.
 19247 | Volcano  | Entered a volcano
 19869 | Orc:2    | Found Mostig's Antique Weapon Boutique.
 19873 | Orc:2    | Found a staircase to the Elven Halls.
 20311 | Orc:1    | Killed from afar by an orc priest

Skill      XL: |  1  2  3  4  5  6  7  8  9 10 11 12 13 14 |
---------------+-------------------------------------------+-----
Unarmed Combat | 4 5 6 7 8 9 11 12 13 14 15 16 | 16.6
Fighting       | 4 7 9 10 11 12 14 | 14.9
Invocations    | 4 6 8 |  8.0
Dodging        | 3 5 6 7 |  7.4
Armour         | 4 7 8 |  8.7
Stealth        | |  2.1

Action                   |  1- 3 |  4- 6 |  7- 9 | 10-12 | 13-15 || total
-------------------------+-------+-------+-------+-------+-------++-------
Melee: Unarmed           |    78 |    64 |   357 |   616 |   660 ||  1775
       Punch             |       |     1 |    14 |    35 |    36 ||    86
Invok: Minor Destruction |       |     1 |       |       |     1 ||     2
       Lesser Servant of |       |       |     4 |    17 |    33 ||    54
       Major Destruction |       |       |       |       |     1 ||     1
Evoke: Wand              |       |    16 |     7 |    31 |    17 ||    71
  Use: Potion            |       |     6 |       |     1 |     2 ||     9
       Scroll            |       |       |       |    12 |     5 ||    17
 Stab: Sleeping          |     5 |     3 |     3 |     4 |       ||    15
       Paralysed         |       |       |     4 |    12 |       ||    16
       Distracted        |       |       |       |       |     3 ||     3
  Eat: Chunk             |     2 |    11 |    14 |    24 |    26 ||    77
Armor: Robe              |    26 |     8 |    17 |       |       ||    51
       Scale mail        |       |       |    85 |   195 |    26 ||   306
       Leather armour    |       |       |       |     6 |       ||     6
       Plate armour      |       |       |       |       |   265 ||   265
Dodge: Dodged            |    53 |    33 |   137 |   333 |   283 ||   839
Block: Buckler           |       |       |       |       |    20 ||    20
